 Dungeon Crawl Stone Soup version 0.18-a0-641-g4caf58e (webtiles) character file.

2756 Proton the Chopper (level 9, 0/82 HPs)
             Began as a Deep Dwarf Fighter on Dec 4, 2015.
             Was a Believer of Pakellas.
             Slain by a wolf (4 damage)
             ... led by Grum
             ... on level 7 of the Dungeon.
             The game lasted 00:21:40 (5158 turns).

Proton the Chopper (Deep Dwarf Fighter)             Turns: 5158, Time: 00:21:41

Health: 0/82       AC: 13    Str: 23    XL:     9   Next: 41%
Magic:  0/22       EV: 10    Int: 11    God:    Pakellas [**....]
Gold:   232        SH:  0    Dex: 10    Spells: 0 memorised, 8 levels left

rFire  . . .     SeeInvis .     w - +4 war axe
rCold  . . .     Clarity  .     n - +0 storm dragon armour
rNeg   . . .     SustAt   .     (no shield)
rPois  .         Gourm    .     (no helmet)
rElec  +         Spirit   .     x - +0 cloak
rCorr  .         Dismiss  .     g - +0 pair of gloves
rMut   .         Stasis   .     (no boots)
MR     +....                    (no amulet)
Stlth  ..........               F - ring of magical power
                                y - +2 ring of protection

@: non-regenerating, somewhat resistant to hostile enchantments, extremely
unstealthy
A: damage resistance, recharge devices, blurry vision 2, clever 1, clumsy 1,
deformed body, sense surroundings 2, slow regeneration 3, spit poison 1, wild
magic 1
a: Device Recharging, Spit Poison, Quick Charge, Renounce Religion


You were on level 7 of the Dungeon.
You worshipped Pakellas.
Pakellas was pleased with you.
You were not hungry.

You visited 1 branch of the dungeon, and saw 8 of its levels.

You collected 357 gold pieces.
You spent 125 gold pieces at shops.

Inventory:

Hand Weapons
 w - a +4 war axe (weapon)
Missiles
 z - 4 javelins
 B - 8 silver tomahawks (quivered)
Armour
 g - a +0 pair of gloves (worn)
 n - a +0 storm dragon armour (worn)
 x - a +0 cloak (worn)
Rods
 q - a +0 rod of destruction (2/10)
   (You found it on level 8 of the Dungeon)
 I - a +0 rod of shadows (9/9)
   (You found it on level 8 of the Dungeon)
Jewellery
 y - a +2 ring of protection (left hand)
 F - a ring of magical power (right hand)
Wands
 b - a wand of magic darts (0)
 e - a wand of heal wounds (1)
 u - a wand of cold (0)
 A - a wand of invisibility (5)
 C - a wand of frost (20)
 E - a wand of disintegration (17)
 G - a wand of digging (7)
 H - a wand of cold (7)
Scrolls
 h - 2 scrolls of identify {unknown}
 j - a scroll of enchant armour {unknown}
 l - 3 scrolls of enchant weapon
 m - a scroll of magic mapping
 o - a scroll of random uselessness {unknown}
 p - a scroll of teleportation
Potions
 a - a potion of flight {unknown}
 c - 3 potions of curing {unknown}
 d - 2 potions of might
 f - 2 potions of brilliance {unknown}
 i - a potion of invisibility {unknown}
 k - 2 potions of degeneration {unknown}
 r - 2 potions of lignification {unknown}
 s - a potion of poison {unknown}
 D - 2 potions of heal wounds
Comestibles
 t - a slice of pizza


   Skills:
 + Level 5.8 Fighting
 + Level 7.6 Axes
 + Level 7.3 Armour
 + Level 6.0 Dodging
   Level 3.2 Shields
 + Level 6.1 Evocations


You had 8 spell levels left.
You didn't know any spells.

Dungeon Overview and Level Annotations

Branches:
Dungeon (8/15)             Temple (0/1) D:6
   Lair: D:8-11

Altars:
Ashenzari
Cheibriados
Fedhas
Gozag
Nemelex Xobeh
Okawaru
Pakellas
Vehumet
Zin

Shops:
D:6 !=%

Annotations:
D:4 Natasha
D:7 exclusion: statue
D:8 Grum


Innate Abilities, Weirdness & Mutations

You are resistant to damage.
You can recharge devices by infusing magical energy.
You passively map the area around you.
You do not regenerate naturally.
Scrolls take you longer to read.
Your mind is acute. (Int +2)
You are clumsy. (Dex -2)
Armour fits poorly on your strangely shaped body.
You can spit weak poison.
Your spells are a little harder to cast, but a little more powerful.


Message History

You miss the wolf.
The wolf is almost dead.
You closely miss the wolf.
The wolf is severely wounded.
You closely miss the wolf. You miss the wolf.
The wolf is almost dead.
The wolf bites you.
* * * LOW HITPOINT WARNING * * *
The wolf bites you!
* * * LOW HITPOINT WARNING * * *
The wolf closely misses you. x2
The wolf bites you.
* * * LOW HITPOINT WARNING * * *
The wolf bites you. x2
* * * LOW HITPOINT WARNING * * *
The wolf barely misses you.
Charge which item? (? for menu, Esc to quit)
Your wand of heal wounds (0) glows for a moment and now has 1 charge.
You feel somewhat more hungry. The wolf bites you.
You die...

#######...#............#.#
+.............#####......#
######...#.#.# #....#.#
#...#.#.#####....#)#####
#...#...................
##...#.#.####<....#.#####
#....#.#.# #.....#.#
########.####.#h####.....#.##
..............h@h.......>...#
.......#.####.#h####.#...#..#
.........## #.#.####.#...#..#
######.#..# #............#..#
#.#..# ###.####.#...#..####
#.#..## #.# #.#.#.#......
#.#...# #.# #.#.#.##.####
#####.#.#.####.####.#†#.##.#
........:...............##.#


You could see 4 wolves.

Vanquished Creatures
  A kobold demonologist (D:6)
  Prince Ribbit (D:8)
  A deep elf mage (D:8)
  A hungry ghost (D:8)
  An ice beast (D:6)
  2 ogres
  2 phantoms
  A crocodile (D:7)
  A big kobold (D:6)
  2 giant frogs
  A gnoll sergeant (D:8)
  A wyvern skeleton (D:4)
  4 scorpions
  3 wights (D:4)
  6 killer bees (D:8)
  2 giant frog skeletons (D:6)
  An orc wizard (D:6)
  A centaur skeleton (D:5)
  2 orc priests
  2 hounds (D:5)
  Natasha (D:4)
  An iguana (D:6)
  2 worker ants
  A hound zombie (D:7)
  A hound skeleton (D:6)
  4 gnolls (D:8)
  A worker ant zombie (D:5)
  8 adders
  2 shadow imps
  3 adder skeletons
  2 worms
  3 giant geckos
  13 orcs
  3 ball pythons
  3 giant cockroaches
  7 goblins
  11 hobgoblins
  9 jackals
  14 kobolds
  8 quokkas
  10 bats
  8 giant newts
  A jackal skeleton (D:4)
  2 jackal zombies
  A quokka skeleton (D:8)
  8 rats
163 creatures vanquished.

Vanquished Creatures (others)
  2 gargoyles (D:1)
  A vine stalker (D:1)
  A troll (D:1)
  2 formicids (D:1)
  A human (D:1)
  2 spriggans (D:1)
  A dwarf (D:1)
  A mummy (D:1)
  A kobold (D:1)
  5 tentacles (D:1)
  72 tentacle segments (D:1)
89 creatures vanquished.

Grand Total: 252 creatures vanquished

Notes
Turn   | Place    | Note
--------------------------------------------------------------
     0 | D:1      | Proton the Deep Dwarf Fighter began the quest for the Orb.
     0 | D:1      | Reached XP level 1. HP: 20/20 MP: 1/1
     0 | D:1      | Noticed a spriggan
     0 | D:1      | Noticed a gargoyle
     0 | D:1      | Noticed a spriggan
     0 | D:1      | Noticed a dwarf
     0 | D:1      | Noticed a troll
     0 | D:1      | Noticed a kraken
     0 | D:1      | Noticed a formicid
     0 | D:1      | Noticed a formicid
     0 | D:1      | Noticed a gargoyle
     0 | D:1      | Noticed a vine stalker
     0 | D:1      | Noticed a human
     4 | D:1      | Killed a gargoyle
     6 | D:1      | Killed a human
     9 | D:1      | Killed a spriggan
    10 | D:1      | Killed a vine stalker
    11 | D:1      | Killed a formicid
    11 | D:1      | Killed a gargoyle
    12 | D:1      | Killed a formicid
    13 | D:1      | Killed a spriggan
    13 | D:1      | Killed a troll
    14 | D:1      | Killed a dwarf
   334 | D:1      | Reached XP level 2. HP: 25/27 MP: 2/2
   820 | D:2      | Reached XP level 3. HP: 17/33 MP: 3/3
   898 | D:2      | Found a blossoming altar of Fedhas.
  1247 | D:2      | Reached XP level 4. HP: 39/42 MP: 4/4
  1479 | D:3      | Reached skill level 4 in Axes
  1565 | D:3      | Found an iron altar of Okawaru.
  1731 | D:3      | Found a snail-covered altar of Cheibriados.
  1732 | D:3      | Found a shattered altar of Ashenzari.
  1808 | D:3      | Found a faded altar to an unknown god.
  1980 | D:4      | Reached skill level 1 in Dodging
  2045 | D:4      | Reached XP level 5. HP: 38/49 MP: 5/5
  2071 | D:4      | Noticed Natasha
  2084 | D:4      | Killed Natasha
  2116 | D:4      | Noticed an ogre
  2163 | D:3      | Killed an ogre
  2163 | D:3      | Reached skill level 5 in Axes
  2163 | D:3      | Reached XP level 6. HP: 38/56 MP: 6/6
  2194 | D:4      | Found an oddly glowing altar of Pakellas.
  2199 | D:4      | Became a worshipper of Pakellas the Inventive
  2360 | D:4      | Noticed Natasha
  2453 | D:4      | Reached skill level 1 in Evocations
  2469 | D:4      | Reached XP level 7. HP: 21/64 MP: 6/8
  2669 | D:5      | Entered Level 5 of the Dungeon
  2724 | D:5      | Reached skill level 5 in Armour
  2727 | D:5      | Reached * piety under Pakellas
  3142 | D:5      | Found an opulent altar of Gozag.
  3300 | D:6      | Reached ** piety under Pakellas
  3300 | D:6      | Received a gift from Pakellas
  3316 | D:6      | Found Cuiwnap's Distillery.
  3334 | D:6      | Bought 2 potions of heal wounds for 100 gold pieces
  3334 | D:6      | Bought a potion of mutation for 25 gold pieces
  3335 | D:6      | Gained mutation: Scrolls take you a little longer to read. [potion of mutation]
  3335 | D:6      | Gained mutation: Your spells are a little harder to cast, but a little more powerful. [potion of mutation]
  3335 | D:6      | Gained mutation: Armour fits poorly on your strangely shaped body. [potion of mutation]
  3336 | D:6      | Gained mutation: You are clumsy. (Dex -2) [potion of mutation]
  3336 | D:6      | Gained mutation: Your mind is acute. (Int +2) [potion of mutation]
  3337 | D:6      | Gained mutation: Scrolls take you longer to read. [potion of mutation]
  3337 | D:6      | Gained mutation: You can spit weak poison. [potion of mutation]
  3368 | D:6      | Reached skill level 6 in Axes
  3478 | D:6      | Found a glowing silver altar of Zin.
  3513 | D:6      | Found Yronlet's Jewellery Shoppe.
  3550 | D:6      | Noticed a kobold demonologist
  3566 | D:6      | Noticed a rust devil
  3571 | D:6      | Killed a kobold demonologist
  3571 | D:6      | Reached XP level 8. HP: 54/73 MP: 10/10
  3779 | D:6      | Found a staircase to the Ecumenical Temple.
  3784 | D:6      | Reached skill level 5 in Fighting
  3889 | D:6      | Found Ibet's Food Boutique.
  3969 | D:7      | Found a radiant altar of Vehumet.
  4469 | D:7      | Reached skill level 5 in Dodging
  4469 | D:7      | Reached skill level 5 in Evocations
  4571 | D:7      | You fall through a shaft!
  4579 | D:8      | Reached skill level 7 in Axes
  4618 | D:8      | Gained mutation: You passively map the area around you. [Deep Dwarf growth]
  4618 | D:8      | Reached XP level 9. HP: 37/81 MP: 7/13
  4719 | D:8      | Noticed Prince Ribbit
  4727 | D:8      | Killed Prince Ribbit
  4770 | D:8      | Found a sparkling altar of Nemelex Xobeh.
  5043 | D:8      | Identified a +0 rod of destruction (10/10) (You found it on level 8 of the Dungeon)
  5138 | D:8      | Noticed Grum
  5157 | D:7      | HP: 4/82 [wolf[Grum] (1)]
  5158 | D:7      | Slain by a wolf

Vault maps used:
D:1:      nicolae_arrival_kraken_aquarium_a
D:2:      nicolae_overflow_crystal_walls
D:3:      minitemple, ecumenical_altar_2
D:4:      grunt_pakellas_sulfur, uniq_natasha
D:5:      kennysheep_mini_moat, first_bread
D:6:      kennysheep_mini, temple_green, serial_shops, shop_fountains,
          nicolae_shop_behind_doors, shop
D:7:      vehumet_statue, lemuel_round_altar, nicolae_overflow_hidden_temple
D:8:      lemuel_round_altar, lair_0_dummy, minmay_misc_feat_columns,
          grunt_livestock, uniq_grum, uniq_prince_ribbit1

Action                   |  1- 3 |  4- 6 |  7- 9 || total
-------------------------+-------+-------+-------++-------
Melee: War axe           |   121 |   182 |   298 ||   601
Invok: Quick Charge      |       |       |     9 ||     9
 Abil: Spit Poison       |       |       |     3 ||     3
Evoke: Wand              |     1 |     2 |    50 ||    53
       Rod               |       |       |     2 ||     2
  Use: Scroll            |       |       |     7 ||     7
       Potion            |       |       |     3 ||     3
  Eat: Pizza             |     1 |       |       ||     1
       Bread ration      |       |     1 |     1 ||     2
       Beef jerky        |       |     1 |     1 ||     2
       Meat ration       |       |       |     2 ||     2
